 Dungeon Crawl Stone Soup version 0.30-a0-297-g0ec75d9ef4 (webtiles) character file.

Game seed: 12267859003100508256

23250 Sobieck the Covert (level 13, 0/90 HPs)
             Began as a Kobold Brigand on Oct 19, 2022.
             Was an Initiate of Uskayaw.
             Killed from afar by an ancient lich (55 damage)
             ... with a crystal spear
             ... on level 1 of the Abyss.
             The game lasted 00:33:55 (14160 turns).

Sobieck the Covert (Kobold Brigand)                Turns: 14160, Time: 00:33:55

Health: 0/90       AC: 12    Str:  8    XL:     13   Next: 33%
Magic:  17/20      EV: 26    Int: 13    God:    Uskayaw [......]
Gold:   674        SH:  7    Dex: 21    Spells: 12/12 levels left

rFire   . . .      SeeInvis .    s - +6 rapier {short}
rCold   . . .      Faith    .    p - +0 buckler
rNeg    . . .      Spirit   .    x - +1 animal skin
rPois   .          Reflect  .    (no helmet)
rElec   .          Harm     .    c - +1 cloak
rCorr   .          Rampage  .    h - +1 pair of gloves
Will    .....                    o - +0 pair of boots
Stlth   +++++++...               (no amulet)
HPRegen 0.35/turn                j - +4 ring of evasion
MPRegen 0.17/turn                B - +4 ring of protection

@: studying Fighting
A: small, no large weapons, nightstalker 3
a: Renounce Religion


You were on level 1 of the Abyss.
You worshipped Uskayaw.
Uskayaw was aware of your devotion.
You visited 2 branches of the dungeon, and saw 12 of its levels.
You visited the Abyss 1 time.
You also visited: Sewer.

You collected 674 gold pieces.


Innate Abilities, Weirdness & Mutations

You are small and have problems with some larger weapons.
You are completely attuned to the shadows.


   Skills:
 + Level 14.0 Fighting
 * Level 11.5 Short Blades
 - Level 2.1 Throwing
 + Level 10.7 Dodging
 + Level 14.4 Stealth
 + Level 4.7 Shields
 - Level 10.0 Invocations


You had 12 spell levels left.
You didn't know any spells.
Your spell library contained the following spells:

 Spells                   Type           Power      Damage    Failure   Level
 Apportation              Tloc           0%         N/A       41%         1
 Necrotise                Necr           0%         1d4       41%         1
 Sandblast                Erth           0%         2d4       41%         1
 Passwall                 Tmut/Erth      0%         N/A       56%         2
 Static Discharge         Conj/Air       0%         2-2/arc   56%         2
 Gell's Gravitas          Tloc           0%         N/A       80%         3
 Inner Flame              Hex/Fire       0%         N/A       80%         3
 Stone Arrow              Conj/Erth      0%         3d7       80%         3
 Teleport Other           Tloc           0%         N/A       80%         3
 Vampiric Draining        Necr           0%         2d6       80%         3
 Vhi's Electric Charge    Tloc/Air       0%         N/A       80%         3
 Airstrike                Air            0%         2d(0-16)  99%         4
 Flame Wave               Conj/Fire      0%         2d4       99%         4
 Sticky Flame             Conj/Fire      0%         2d3       99%         4
 Summon Lightning Spire   Summ/Air       0%         N/A       99%         4
 Agony                    Necr           0%         N/A       100%        5
 Alistair's Intoxication  Tmut/Pois      0%         N/A       100%        5
 Arcjolt                  Conj/Air       0%         1d10      100%        5
 Lightning Bolt           Conj/Air       0%         1d11      100%        5
 Dispersal                Tloc           0%         N/A       100%        6

Inventory:

Hand Weapons
 a - a +5 dagger of flaming {short}
   (You took it off a kobold in a sewer)
 s - a +6 rapier (weapon) {short}
   (You found it on level 11 of the Dungeon)
 C - a +2 dagger {short}
Missiles
 d - 61 poisoned darts (quivered) {throwing}
 e - 3 curare-tipped darts {=fthrowing}
 g - 90 stones {throwing}
 m - 3 throwing nets {=f!fthrowing}
 q - 9 atropa-tipped darts {throwing}
 N - 2 boomerangs {throwing}
Armour
 b - +0 acid dragon scales
   (You found it on level 10 of the Dungeon)
 c - a +1 cloak (worn)
 h - a +1 pair of gloves (worn)
   (You found it on level 1 of the Dungeon)
 o - a +0 pair of boots (worn)
   (You found it on level 7 of the Dungeon)
 p - a +0 buckler (worn)
   (You took it off a gnoll sergeant on level 6 of the Dungeon)
 x - a +1 animal skin (worn)
   (You took it off Grum on level 9 of the Dungeon)
 z - a +0 chain mail
   (You took it off an orc on level 2 of the Dungeon)
 D - a +0 ring mail
   (You took it off a kobold brigand in a sewer)
 J - a +0 ring mail
   (You took it off an orc on level 3 of the Dungeon)
 L - a +0 scale mail
   (You took it off an orc on level 3 of the Dungeon)
 M - a +0 chain mail
   (You took it off an orc on level 3 of the Dungeon)
 O - a +0 ring mail
   (You took it off an orc on level 5 of the Dungeon)
 P - a +0 robe
   (You took it off an orc wizard on level 6 of the Dungeon)
 Q - a +0 leather armour
   (You took it off an orc on level 6 of the Dungeon)
 R - a +0 leather armour
   (You took it off an orc on level 6 of the Dungeon)
 S - a +0 robe
   (You took it off an orc wizard on level 6 of the Dungeon)
 U - a +0 ring mail
   (You found it on level 6 of the Dungeon)
 V - a +0 leather armour
   (You found it on level 6 of the Dungeon)
 W - a +0 ring mail
   (You took it off a gnoll sergeant on level 7 of the Dungeon)
Jewellery
 j - a +4 ring of evasion (left hand)
   (You found it on level 1 of the Dungeon)
 u - a ring of resist corrosion
   (You found it on level 2 of the Dungeon)
 y - a ring of magical power
   (You found it on level 10 of the Dungeon)
 B - a +4 ring of protection (right hand)
   (You found it on level 3 of the Dungeon)
Wands
 r - a wand of polymorph (4)
   (You took it off Grum on level 9 of the Dungeon)
 v - a wand of mindburst (16)
   (You found it on level 9 of the Dungeon)
 G - a wand of flame (12)
   (You found it on level 5 of the Dungeon)
 Y - a wand of iceblast (14)
   (You found it on level 6 of the Dungeon)
 Z - a wand of light (12)
   (You found it on level 6 of the Dungeon)
Scrolls
 t - 2 scrolls of poison {!r}
 E - 3 scrolls of butterflies
 K - 2 scrolls of identify {@r1}
 T - 3 scrolls of torment {!r}
 X - a scroll of teleportation {@r4}
Potions
 f - 2 potions of attraction {!q}
 i - 2 potions of ambrosia
 k - a potion of haste {@q3}
 l - 4 potions of flight
 A - 4 potions of might
 F - 2 potions of invisibility
 H - 4 potions of curing {@q1}
 I - 4 potions of lignification {!q}

Dungeon Overview and Level Annotations

Branches:
Dungeon (11/15) Zot: 26347  Temple (1/1) D:6 Zot: 5947   Sewer (visited)
   Lair: D:8-11         Orc: D:9-12

Altars:
Ashenzari
Cheibriados
Dithmenos
Elyvilon
Fedhas
Gozag
Hepliaklqana
Kikubaaqudgha
Makhleb
Nemelex Xobeh
Okawaru
Qazlal
Ru
Sif Muna
Trog
Uskayaw
Vehumet
Wu Jian
Xom
Yredelemnul
Zin
The Shining One

Annotations:
D:8 2 transporters
D:11 Erolcha, Josephine

#.# # . # #
.# # . .. .
.#. # # . ..
..# #.#.
#.#.#. ## .
##....#..# #
.####......#
.......##...
...L@..... .
....#...#..
##
#...######x.#
.##.#.. #
.....


You could see an ancient lich.


Message History

The small abomination is no longer paralysed.
Uskayaw links your audience in an emotional bond!
The helpless raiju fails to defend itself.
You perforate the raiju like a sieve!!!!
You kill the raiju!
Your Fighting skill increases to level 14!
Unknown command.
You feel yourself slow down.
You can no longer merge with and destroy a victim.
Uskayaw will no longer force your foes to share their pain.
Unknown command.
Uskayaw will no longer force your foes to helplessly watch your dance.
Unknown command.
You can no longer pass through a line of other dancers.
A large abomination comes into view.
Danger!
Unknown command.
You feel a little less mighty now.
Unknown command.
Unknown command.
Unknown command.
The large abomination barely misses you.
Unknown command.
You hit the large abomination.
You hit the large abomination but do no damage.
The large abomination hits you!
Unknown command.
You hit the large abomination. The large abomination hits you!!
You hit the large abomination but do no damage.
Unknown command.
The large abomination completely misses you.
Unknown command.
You puncture the large abomination! The large abomination hits you!!
* * * LOW HITPOINT WARNING * * *
You hit the large abomination.
You block the large abomination's attack.
Unknown command.
You puncture the large abomination! The large abomination misses you.
You can now pass through a line of other dancers.
Aiming: Line Pass
Press: ? - help, Dir - move target The large abomination appears confused.
You can no longer pass through a line of other dancers.
You block the large abomination's attack.
Unknown command.
You hit the large abomination but do no damage.
You hit the large abomination.
The large abomination seems less confused.
The large abomination closely misses you.
You hit the large abomination but do no damage.
The large abomination closely misses you.
Unknown command.
You hit the large abomination but do no damage.
You hit the large abomination but do no damage.
The large abomination completely misses you.
Unknown command.
You hit the large abomination. The large abomination misses you.
You hit the large abomination but do no damage.
The large abomination closely misses you.
Unknown command.
You hit the large abomination but do no damage.
You hit the large abomination. The large abomination hits you!!
* * * LOW HITPOINT WARNING * * *
Unknown command.
You feel much better.
You block the large abomination's attack.
You feel much better. The large abomination hits you!
* * * LOW HITPOINT WARNING * * *
Unknown command.
You hit the large abomination. The large abomination misses you.
You hit the large abomination but do no damage.
Unknown command.
You barely miss the large abomination. The large abomination misses you.
You hit the large abomination but do no damage.
You block the large abomination's attack.
Unknown command.
You hit the large abomination but do no damage.
You puncture the large abomination!
You destroy the large abomination!
You can now pass through a line of other dancers.
You start resting.
Unknown command.
You start resting.
A small abomination comes into view.
Danger!
You start resting.
An ancient lich comes into view.
Danger!
Unknown command.
The ancient lich shouts!
You hit the ancient lich.
You hear a chilling moan.
The ancient lich barely misses you.
Unknown command.
You stomp with the beat, sending a shockwave through the revellers around you!
You can no longer stomp with the beat.
The ancient lich casts a spell at you. The crystal spear hits you!!!
Ouch! That really hurt!
You die...

Skill      XL: |  1  2  3  4  5  6  7  8  9 10 11 12 13 |
---------------+----------------------------------------+-----
Short Blades   | 3 4 5 7 8 10 11 | 11.5
Dodging        | 2 3 4 5 6 8 9 10 | 10.7
Fighting       | 3 4 5 6 8 11 12 13 14 | 14.0
Stealth        | 6 7 8 10 12 13 14 | 14.4
Shields        | 1 3 4 |  4.7
Invocations    | 9 10 | 10.0
Throwing       | |  2.1

Action                   |  1- 3 |  4- 6 |  7- 9 | 10-12 | 13-15 || total
-------------------------+-------+-------+-------+-------+-------++-------
Melee: Dagger            |    57 |   221 |   200 |   606 |       ||  1084
       Punch             |       |     3 |       |       |       ||     3
       Rapier            |       |       |       |    78 |    68 ||   146
Throw: Dart              |       |       |     5 |     7 |       ||    12
Invok: Line Pass         |       |       |       |     6 |     1 ||     7
       Stomp             |       |       |       |     2 |     1 ||     3
Evoke: Wand              |       |       |       |     6 |       ||     6
  Use: Scroll            |       |       |    19 |    12 |       ||    31
       Potion            |       |       |       |     8 |     2 ||    10
 Stab: Sleeping          |    11 |    13 |    57 |    19 |       ||   100
       Distracted        |       |     1 |     2 |     2 |     1 ||     6
       Confused          |       |       |       |     2 |       ||     2
       Paralysed         |       |       |       |     5 |     3 ||     8
Armor: Robe              |     8 |    44 |    26 |    44 |       ||   122
       Animal skin       |       |       |       |    32 |       ||    32
Dodge: Dodged            |    28 |   215 |   144 |   435 |    23 ||   845
Block: Buckler           |       |       |       |   138 |    11 ||   149

Levels and vault maps discovered:
D:1:      lemuel_arrival_broad_hall, layout_rooms, minmay_misc_feat_doors
D:2:      layout_basic, uniq_jessica
D:3:      layout_loops_ring, lemuel_zombie_altar_yredelemnul,
          lightli_sewer_entry_pipes, dilly_ecumenical_altar_fadedgnrine,
          kennysheep_donut
D:4:      layout_basic, kennysheep_nondescript
D:5:      layout_basic, minmay_manual_monolith
D:6:      layout_loops_cross, minmay_temple_entry_gardened_gates, serial_glass,
          glass_columns_a, glass_columns_c, glass_columns_a, glass_columns_a
D:7:      cheibrodos_barr_body, layout_basic, tgw_sif,
          gammafunk_temple_overflow_statue
D:8:      layout_cave_pools, old_standard_altar, gammafunk_ghost_abyssal_escape,
          lightli_corner_chamber, uniq_grum, uniq_joseph
D:9:      layout_stronghold, minmay_misc_feat_x
D:10:     erik_rubicon_b, layout_irregular_city, eat_drink_and_be_merry_uskayaw,
          fedhas_altar_3, minmay_misc_feat_more_columns
D:11:     layout_rooms, due_lair_maze_entry_diamond,
          nicolae_trove_entry_diagonal, uniq_erolcha, uniq_josephine, uniq_sonja
Temple:   eino_wide_crystal_templ
Abyss:1:  base: D:1, abyss_furniture_001, minivault_25

Notes
Turn   | Place    | Note
-------+----------+-------------------------------------------
     0 | D:1      | Sobieck the Kobold Brigand began the quest for the Orb.
     0 | D:1      | Reached XP level 1. HP: 12/12 MP: 1/1
    87 | D:1      | Reached XP level 2. HP: 6/18 MP: 2/2
    87 | D:1      | HP: 4/18 [hobgoblin (2)]
    89 | D:1      | Reached skill level 3 in Short Blades
   430 | D:1      | Reached XP level 3. HP: 22/22 MP: 3/3
   472 | D:1      | Reached skill level 2 in Dodging
   833 | D:2      | Noticed Jessica
   842 | D:2      | Killed Jessica
   843 | D:2      | Reached skill level 3 in Fighting
   843 | D:2      | Reached XP level 4. HP: 13/28 MP: 4/4
   949 | D:2      | Reached skill level 6 in Stealth
  1002 | D:2      | You pick up a book of Storms and begin reading...
  1002 | D:2      | You add the spells Airstrike, Summon Lightning Spire and
                  | Lightning Bolt to your library.
  1693 | D:3      | Reached skill level 4 in Short Blades
  1693 | D:3      | Reached skill level 3 in Dodging
  1693 | D:3      | Reached XP level 5. HP: 32/32 MP: 5/5
  1870 | D:3      | Found a faded altar of an unknown god.
  2009 | D:3      | Found a glowing drain.
  2015 | Sewer    | Entered a sewer
  2144 | Sewer    | Reached skill level 4 in Fighting
  2174 | Sewer    | Reached skill level 4 in Dodging
  2174 | Sewer    | Reached XP level 6. HP: 35/35 MP: 6/6
  2263 | Sewer    | Noticed Grinder
  2298 | Sewer    | Paralysed by Grinder for 2 turns
  2303 | Sewer    | HP: 8/39 [Grinder (5)]
  2304 | Sewer    | Killed Grinder
  2305 | Sewer    | Reached skill level 5 in Short Blades
  2305 | Sewer    | Reached skill level 7 in Stealth
  2305 | Sewer    | Reached XP level 7. HP: 5/44 MP: 7/7
  2318 | Sewer    | HP: 4/44 [shadow imp/nerve-wracking pain (4)]
  2485 | Sewer    | Found a burning altar of Makhleb.
  2526 | Sewer    | Reached skill level 5 in Fighting
  2526 | Sewer    | Reached skill level 5 in Dodging
  2861 | D:3      | Reached XP level 8. HP: 49/49 MP: 8/8
  3073 | D:3      | You add the spells Gell's Gravitas, Teleport Other and
                  | Dispersal to your library.
  3502 | D:3      | Found a basalt altar of Yredelemnul.
  3701 | D:4      | You pick up a book of Lightning and begin reading...
  3701 | D:4      | You add the spells Static Discharge, Vhi's Electric Charge
                  | and Arcjolt to your library.
  3729 | D:4      | Reached skill level 6 in Short Blades
  3774 | D:4      | You pick up a book of Geomancy and begin reading...
  3774 | D:4      | You add the spells Sandblast, Passwall and Stone Arrow to
                  | your library.
  4174 | D:4      | Reached skill level 8 in Stealth
  4212 | D:4      | Reached skill level 6 in Dodging
  4319 | D:4      | You fall into a shaft and drop 1 floor!
  4319 | D:5      | Entered Level 5 of the Dungeon
  4431 | D:5      | Reached skill level 6 in Fighting
  4501 | D:4      | You pick up a book of Necromancy and begin reading...
  4501 | D:4      | You add the spells Necrotise, Vampiric Draining and Agony
                  | to your library.
  5078 | D:5      | Reached skill level 7 in Short Blades
  5078 | D:5      | Reached XP level 9. HP: 53/55 MP: 9/9
  5217 | D:5      | Reached skill level 9 in Stealth
  5220 | D:5      | Reached skill level 7 in Dodging
  5271 | D:5      | You pick up a book of Flames and begin reading...
  5271 | D:5      | You add the spells Inner Flame, Sticky Flame and Flame Wave
                  | to your library.
  5873 | D:6      | Found a staircase to the Ecumenical Temple.
  5879 | Temple   | Entered the Ecumenical Temple
  5943 | D:6      | Reached skill level 7 in Fighting
  5963 | D:6      | Reached skill level 8 in Short Blades
  6592 | D:5      | Reached skill level 10 in Stealth
  6878 | D:7      | Reached skill level 8 in Fighting
  6996 | D:7      | Noticed a hornet
  7000 | D:7      | Killed a hornet
  7001 | D:7      | Reached skill level 8 in Dodging
  7001 | D:7      | Reached XP level 10. HP: 64/64 MP: 10/10
  7115 | D:7      | You pick up a book of Party Tricks and begin reading...
  7115 | D:7      | You add the spells Apportation and Alistair's Intoxication
                  | to your library.
  7212 | D:6      | Reached skill level 9 in Short Blades
  7303 | D:7      | Found a bloodstained altar of Trog.
  7304 | D:7      | Found a glowing silver altar of Zin.
  7397 | D:7      | Reached skill level 9 in Fighting
  7399 | D:7      | Identified a +0 crystal plate armour
  7426 | D:7      | Reached skill level 11 in Stealth
  7624 | D:7      | Reached skill level 10 in Short Blades
  7638 | D:7      | Reached skill level 10 in Fighting
  7731 | D:7      | Could not pick up a +0 crystal plate armour {rare=g} here;
                  | ([A]lways) ignore it?
  8197 | D:7      | Found a shimmering blue altar of Sif Muna.
  8607 | D:8      | Reached skill level 12 in Stealth
  8670 | D:8      | Found a transporter.
  8709 | D:8      | Found a transporter.
  8725 | D:8      | Noticed Joseph
  8729 | D:8      | Killed Joseph
  8730 | D:8      | Reached skill level 11 in Fighting
  8759 | D:8      | Noticed Grum
  8789 | D:9      | Reached skill level 1 in Shields
  8950 | D:9      | Killed Grum
  9218 | D:8      | Found an opulent altar of Gozag.
  9376 | D:8      | Reached XP level 11. HP: 60/75 MP: 11/11
  9531 | D:8      | Noticed a two-headed ogre
  9531 | D:8      | Noticed a six-headed hydra
  9591 | D:8      | Noticed a rakshasa
  9724 | D:9      | Reached skill level 2 in Shields
  9927 | D:9      | Identified the +1 leather armour "Edopse Locw" {Int+3}
  9965 | D:9      | Reached skill level 12 in Fighting
 10575 | D:8      | Reached skill level 9 in Dodging
 10949 | D:10     | Entered Level 10 of the Dungeon
 10976 | D:10     | Noticed a two-headed ogre
 10977 | D:10     | Killed a two-headed ogre
 10978 | D:10     | Reached skill level 13 in Stealth
 10978 | D:10     | Reached skill level 3 in Shields
 11055 | D:10     | HP: 16/76 [electric eel/bolt of electricity (14)]
 11448 | D:10     | Noticed a two-headed ogre
 11469 | D:10     | Killed a two-headed ogre
 11582 | D:10     | Found a blossoming altar of Fedhas.
 11636 | D:10     | Found a hide-covered altar of Uskayaw.
 11642 | D:10     | Became a worshipper of Uskayaw the Reveller
 11997 | D:10     | Reached * piety under Uskayaw
 12014 | D:10     | Reached ** piety under Uskayaw
 12048 | D:10     | Reached *** piety under Uskayaw
 12220 | D:10     | Identified a potion of experience
 12221 | D:10     | Reached skill level 9 in Invocations
 12221 | D:10     | Reached XP level 12. HP: 82/82 MP: 11/19
 12699 | D:11     | Noticed a boulder beetle
 12703 | D:11     | Killed a boulder beetle
 12827 | D:10     | Reached skill level 13 in Fighting
 12890 | D:11     | Noticed Josephine
 12967 | D:11     | Reached skill level 10 in Invocations
 12973 | D:11     | Reached **** piety under Uskayaw
 12977 | D:11     | Reached ***** piety under Uskayaw
 13085 | D:11     | Noticed Erolcha
 13096 | D:11     | HP: 19/84 [something (35)]
 13108 | D:11     | HP: 18/84 [bullfrog (5)]
 13362 | D:11     | You are cast into the Abyss!
 13362 | Abyss:1  | Cast into level 1 of the Abyss (Erolcha)
 13430 | Abyss:1  | Reached skill level 10 in Dodging
 13469 | Abyss:1  | Reached skill level 4 in Shields
 13599 | Abyss:1  | Noticed a starcursed mass
 13612 | Abyss:1  | Noticed a thrashing horror
 13613 | Abyss:1  | Noticed a thrashing horror
 13704 | Abyss:1  | Killed a thrashing horror
 13790 | Abyss:1  | Noticed a wretched star
 13888 | Abyss:1  | Noticed a glowing orange brain
 13978 | Abyss:1  | Noticed a large abomination
 13984 | Abyss:1  | Noticed a wretched star
 13990 | Abyss:1  | Noticed a tentacled starspawn
 14001 | Abyss:1  | Killed a large abomination
 14002 | Abyss:1  | Reached XP level 13. HP: 79/88 MP: 16/16
 14008 | Abyss:1  | Killed a tentacled starspawn
 14009 | Abyss:1  | Reached skill level 14 in Stealth
 14036 | Abyss:1  | Reached ****** piety under Uskayaw
 14037 | Abyss:1  | Reached skill level 11 in Short Blades
 14054 | Abyss:1  | Noticed a starcursed mass
 14062 | Abyss:1  | Killed a starcursed mass
 14066 | Abyss:1  | Reached skill level 14 in Fighting
 14119 | Abyss:1  | HP: 11/90 [large abomination (24)]
 14157 | Abyss:1  | Noticed an ancient lich
 14160 | Abyss:1  | Killed from afar by an ancient lich

Vanquished Creatures
  A tentacled starspawn (Abyss:1)
  A starcursed mass (Abyss:1)
  A spriggan skeleton (Abyss:1)
  A boulder beetle (D:11)
  2 two-headed ogres (D:10)
  A thrashing horror (Abyss:1)
  A wretched star (Abyss:1)
  A glowing orange brain (Abyss:1)
  A will-o-the-wisp (Abyss:1)
  A cyclops (D:11)
  Joseph (D:8)
  A troll (D:7)
  Grinder (Sewer)
  A raiju (Abyss:1)
  A hornet (D:7)
  Grum (D:9)
  A vampire (D:10)
  3 large abominations (Abyss:1)
  3 wraiths (D:10)
  A basilisk (D:11)
  2 steam dragons
  2 acid dragons
  6 water moccasins
  4 black bears
  An ice beast (D:7)
  6 orc warriors
  3 ogres
  3 wolves (D:9)
  6 centaurs
  A phantom (D:4)
  2 kobold brigands (Sewer)
  8 bullfrogs
  A necrophage (D:5)
  4 gnoll sergeants
  3 scorpions
  7 wights
  4 small abominations (Abyss:1)
  5 killer bees (D:9)
  5 electric eels (D:10)
  5 howler monkeys
  A quasit (Sewer)
  5 jellies
  6 orc priests
  A gnoll bouda (D:3)
  Jessica (D:2)
  3 iguanas
  11 orc wizards
  2 scorpion zombies (D:3)
  24 gnolls
  8 adders
  A river rat (D:3)
  3 shadow imps
  9 ufetubi
  5 worms
  2 dart slugs
  45 orcs
  9 bats
  9 endoplasms
  4 giant cockroaches
  6 goblins
  10 hobgoblins
  5 quokkas
  11 ball pythons
  2 frilled lizards
  22 kobolds
  5 rats
  A starspawn tentacle (Abyss:1)
314 creatures vanquished.

Vanquished Creatures (others)
  An orc wizard (D:7)
  An ufetubus (Abyss:1)
  An endoplasm (Sewer)
  6 foxfires (Abyss:1)
  37 fungi
  49 plants
  3 starspawn tentacles (Abyss:1)
98 creatures vanquished.

Grand Total: 412 creatures vanquished

Table legend:
 A = Non-vault XP
 B = Vault XP
 C = Vault XP percentage of total XP
 D = Non-vault monster count
 E = Vault monster count
 F = Vault count percentage of total count
                 A         B        C        D         E       F
            +---------+---------+-------+---------+---------+-------
      Total |   18680 |    4865 |  20.7 |     234 |      80 |  25.5
            +---------+---------+-------+---------+---------+-------
        D:1 |      38 |       0 |   0.0 |      21 |       0 |   0.0
        D:2 |      68 |      37 |  35.2 |      22 |       1 |   4.3
        D:3 |     257 |     150 |  36.9 |      21 |      11 |  34.4
        D:4 |     420 |       0 |   0.0 |      21 |       0 |   0.0
        D:5 |     861 |     312 |  26.6 |      17 |       4 |  19.0
        D:6 |     862 |       0 |   0.0 |      22 |       0 |   0.0
        D:7 |    1087 |    1509 |  58.1 |      20 |      15 |  42.9
        D:8 |     788 |     455 |  36.6 |      31 |       1 |   3.1
        D:9 |    1265 |     566 |  30.9 |      18 |       4 |  18.2
       D:10 |    2681 |     706 |  20.8 |      17 |       4 |  19.0
       D:11 |    1803 |     513 |  22.2 |       7 |       4 |  36.4
    Abyss:1 |    8550 |       0 |   0.0 |      17 |       0 |   0.0
      Sewer |       0 |     617 | 100.0 |       0 |      36 | 100.0
            +---------+---------+-------+---------+---------+-------

Illustrated notes

Table legend:
 A = Kills in this place as a percentage of kills in entire the game.
 B = Kills by you in this place as a percentage of kills by you in the entire game.
 C = Kills by friends in this place as a percentage of kills by friends in the entire game.
 D = Other kills in this place as a percentage of other kills in the entire game.
 E = Experience gained in this place as a percentage of experience gained in the entire game.
 F = Experience gained in this place divided by the number of levels of this place that you have seen.
                   A       B       C       D       E      F
               +-------+-------+-------+-------+-------+----------------------
         Total | 100.0 | 100.0 |   N/A | 100.0 | 100.0 | 1681.8
       Dungeon |  83.1 |  83.0 |   N/A | 100.0 |  61.1 | 1307.1
         Abyss |   5.4 |   5.4 |   N/A |   0.0 |  36.3 | 8550.0
         Sewer |  11.5 |  11.5 |   N/A |   0.0 |   2.6 | 617.0
               +-------+-------+-------+-------+-------+----------------------

Table legend: (Time is in decaauts)
 A = Elapsed time spent in this place.
 B = Non-inter-level travel time spent in this place.
 C = Inter-level travel time spent in this place.
 D = Time resting spent in this place.
 E = Time spent auto-exploring this place.
 F = Levels seen in this place.
 G = Mean time per level.
                   A        B        C        D        E       F      G
               +--------+--------+--------+--------+--------+-----+--------+
         Total |  13849 |  13340 |    509 |   1986 |   8052 |  14 |  989.2 |
       Dungeon |  12316 |  11814 |    502 |   1661 |   7747 |  11 | 1119.6 |
        Temple |     52 |     45 |      7 |      0 |     31 |   1 |   52.0 |
         Abyss |    740 |    740 |      0 |    115 |     71 |   1 |  740.0 |
         Sewer |    739 |    739 |      0 |    209 |    203 |   1 |  739.0 |
               +--------+--------+--------+--------+--------+-----+--------+

Top non-repeatable levels by time:
    D:10: 1962 daAuts
     D:9: 1563 daAuts
     D:7: 1545 daAuts
     D:3: 1318 daAuts
     D:5: 1101 daAuts
     D:2: 1000 daAuts
     D:4: 936 daAuts
     D:6: 932 daAuts
     D:8: 823 daAuts
     D:1: 767 daAuts
 Abyss:1: 740 daAuts
   Sewer: 739 daAuts
    D:11: 365 daAuts
  Temple: 52 daAuts
